 Dungeon Crawl Stone Soup version 0.15.0-31-geb66e34 (webtiles) character file.

83357 Rhoefr the Spry (level 16, 0/106 HPs)
             Began as a Halfling Hunter on Sept 12, 2014.
             Was a High Priest of Okawaru.
             Killed from afar by Johnny's ghost (58 damage)
             ... with an iron shot
             ... on Level 4 of the Orcish Mines.
             The game lasted 04:58:08 (32341 turns).

Rhoefr the Spry (Halfling Hunter)                  Turns: 32341, Time: 04:58:10

HP   0/106       AC 23     Str 21      XL: 16   Next: 24%
MP  19/25        EV 29     Int 10      God: Okawaru [*****.]
Gold 2718        SH 16     Dex 19      Spells:  0 memorised, 15 levels left

rFire  + . .     SeeInvis .     b - +2 greatsling "Plyq" {freeze, Str+1}
rCold  + + .     Clarity  .     V - +0 scale mail of the Saviour {rElec rC+ Str+3}
rNeg   . . .     rCorr    .     F - +0 shield
rPois  .         rRot     .     A - +1 helmet "Ghugh" {rC++ Slay+3}
rElec  +         Spirit   .     T - +2 cloak {MR+}
SustAb .         Warding  .     N - +2 pair of gloves {archery}
rMut   .         Stasis   .     Z - +0 pair of boots
Gourm  .                        C - amulet of faith
MR     +++..                    u - ring "Doc Ydio" {Fire Str+3 Dex-1}
                                Q - ring of protection from magic

@: about to teleport, heroism, finesse, studying Dodging, extremely resistant to
hostile enchantments, fairly stealthy
A: mutation resistance 1
a: Heroism, Finesse, Renounce Religion


You were on level 4 of the Orcish Mines.
You worshipped Okawaru.
Okawaru was extremely pleased with you.
You were not hungry.

You visited 4 branches of the dungeon, and saw 25 of its levels.
You also visited: Bailey and Ice Cave.

You collected 2898 gold pieces.
You spent 180 gold pieces at shops.

Inventory:

Hand weapons
 a - a +1 dagger of venom
 b - the +2 greatsling "Plyq" (weapon) {freeze, Str+1}
   (Okawaru gifted it to you on level 7 of the Lair of Beasts)

   It turns projectiles fired from it into bolts of frost.
   It affects your strength (+1).
Missiles
 c - 87 sling bullets {@Q1}
 h - 147 stones {@Q2}
 m - 5 throwing nets
 p - 91 poisoned sling bullets {@Q3}
 v - 60 sling bullets of flame {@Q4}
 w - 17 silver sling bullets {@Q8}
 M - 28 exploding sling bullets {@Q5}
 O - 70 sling bullets of frost {@Q6}
 S - 59 steel sling bullets (quivered) {@Q7}
Armour
 A - the +1 helmet "Ghugh" (worn) {rC++ Slay+3}
   (Okawaru gifted it to you on level 8 of the Lair of Beasts)

   It affects your accuracy and damage with ranged weapons and melee attacks
   (+3).
   It greatly protects you from cold.
 F - a +0 shield (worn)
 I - the +1 scale mail of Weirdness {rF++ rC+}
   (You bought it in a shop on level 7 of the Dungeon)

   It greatly protects you from fire.
   It protects you from cold.
 N - a +2 pair of gloves of archery (worn)
 T - a +2 cloak of magic resistance (worn)
 V - the +0 scale mail of the Saviour (worn) {rElec rC+ Str+3}
   (You found it on level 3 of the Lair of Beasts)

   It affects your strength (+3).
   It protects you from cold.
   It insulates you from electricity.
 Y - a +1 helmet of see invisible
 Z - a +0 pair of boots (worn)
Magical devices
 y - a wand of teleportation (7)
 z - a wand of hasting (6)
 U - a wand of disintegration (11)
Comestibles
 f - 14 bread rations
 l - 11 royal jellies
 q - 9 meat rations
 J - 2 rotting chunks of orc flesh
Scrolls
 e - 2 scrolls of silence
 j - 8 scrolls of teleportation
 k - 4 scrolls of enchant armour
 n - 9 scrolls of remove curse
 o - 4 scrolls of magic mapping
 t - a scroll of brand weapon
 D - 3 scrolls of identify
 E - a scroll of blinking
 W - 5 scrolls of fog
 X - a scroll of fear
Jewellery
 r - an uncursed ring of flight
 u - the ring "Doc Ydio" (right hand) {Fire Str+3 Dex-1}
   (You found it in an ice cave)

   [ring of fire]

   It enhances your fire magic, and weakens your ice magic.
   It affects your strength (+3).
   It affects your dexterity (-1).
   It protects you from fire.
   It makes you vulnerable to cold.
 C - an amulet of faith (around neck)
 Q - a ring of protection from magic (left hand)
Potions
 g - 6 potions of haste
 i - a potion of cure mutation
 s - a potion of restore abilities
 x - a potion of resistance
 B - 2 potions of might
 G - 3 potions of agility
 H - 2 potions of heal wounds
 K - a potion of cancellation
 P - a potion of flight
 R - 6 potions of curing
Books
 d - a manual of Dodging
Miscellaneous
 L - a fan of gales


   Skills:
 - Level 8.7(13.7) Fighting
 - Level 9.0(14.0) Short Blades
 - Level 16.1(21.1) Slings
 - Level 13.6(18.6) Armour
 + Level 16.6(21.6) Dodging
 - Level 1.4(6.4) Stealth
 - Level 12.3(17.3) Shields
 - Level 6.0 Invocations


You had 15 spell levels left.
You didn't know any spells.

Dungeon Overview and Level Annotations

Branches:
Dungeon (12/15)            Temple (1/1) D:4             Orc (4/4) D:12
    Elf (0/3) Orc:3          Lair (8/8) D:9           Swamp (0/5) Lair:6
  Snake (0/5) Lair:4        Slime (0/6) Lair:6

Altars:
Ashenzari
Cheibriados
Dithmenos
Elyvilon
Fedhas
Kikubaaqudgha
Makhleb
Nemelex Xobeh
Okawaru
Qazlal
Sif Muna
Trog
Vehumet
Xom
Yredelemnul
Zin
The Shining One
Beogh
Jiyva

Shops:
D:6 }   D:7 [

Portals:
Trove: D:10 (give +4 demon trident)

Annotations:
Orc:4 Johnny's ghost, great DgFE
Lair:1 exclusion: oklob plant


Innate Abilities, Weirdness & Mutations

You are small and have problems with some larger weapons.
You are somewhat resistant to further mutation.


Message History

Johnny's ghost is lightly damaged.
You are engulfed in freezing vapours.
You resist.
Firing (i - inventory. (,) - cycle):
S - 61 steel sling bullets (quivered)
{@Q7}
Press: ? - help, Shift-Dir - straight line, f/p - Johnny's ghost
Aim: Johnny's ghost (lightly damaged, fast)
You shoot a steel sling bullet {@Q7}.
The steel sling bullet {@Q7} hits Johnny's ghost!
Johnny's ghost is lightly damaged.
You are engulfed in freezing vapours.
You resist.
Firing (i - inventory. (,) - cycle):
S - 60 steel sling bullets (quivered)
{@Q7}
Press: ? - help, Shift-Dir - straight line, f/p - Johnny's ghost
Aim: Johnny's ghost (lightly damaged, fast)
You shoot a steel sling bullet {@Q7}.
The steel sling bullet {@Q7} hits Johnny's ghost!
Johnny's ghost is moderately damaged.
You are engulfed in freezing vapours.
You resist. Johnny's ghost casts a spell at you. The iron shot hits you!
Ouch! That really hurt!
You die...

#..(.... #........ ..##
##..o......
......###...(......
........#....§....#
...$.........§(§...#
#..(..........W§§.#
#..(........§§§§§.#
#.........§§§@§§##
#.........§##### ##
##..)).......# ...
##............######....
#...))..........#........
##.)))....................
..#..)<)....................
.....))))..#))...........##
...........##)............#


You could see Johnny's ghost and an orc.

Vanquished Creatures
  Rupert (Lair:7)
  A frost giant (IceCv)
  Gastronok (Orc:1)
  Snorg (Lair:4)
  Fannar (Lair:8)
  Harold (Lair:2)
  3 hydras
  Nessos (Orc:3)
  5 death yaks
  A catoblepas (Lair:5)
  The ghost of MDvedh the Spear-Bearer, an experienced MfDK of Yredelemnul (D:7)
  An ice statue (IceCv)
  An oklob plant (Lair:3)
  2 hill giants
  A griffon (Lair:4)
  A red wasp (Lair:8)
  A manticore (D:11)
  13 elephants
  3 wolf spiders (Lair:8)
  A faun (Lair:8)
  A cyclops (D:11)
  4 black mambas (Lair:8)
  Joseph (Orc:3)
  A guardian serpent (Lair:8)
  2 torpor snails
  2 gargoyles
  17 spiny frogs
  Psyche (D:10)
  10 komodo dragons
  4 fire drakes
  2 guardian mummies (D:10)
  A queen bee (D:12)
  16 polar bears
  2 trolls
  Prince Ribbit (D:8)
  A boulder beetle (Lair:8)
  3 two-headed ogres
  20 blink frogs
  2 ravens (D:8)
  3 basilisks
  A redback (Lair:8)
  A hill giant zombie (D:9)
  66 yaks
  9 hogs (Lair:8)
  Eustachio (D:10)
  A deep elf mage (D:11)
  4 wyverns
  A deep elf fighter (D:8)
  A hungry ghost (D:12)
  42 wolves
  A hill giant skeleton (D:12)
  5 wargs (Lair:8)
  12 hippogriffs
  4 hell hounds (Lair:8)
  Edmund (D:5)
  Menkaure (D:4)
  2 nagas (Lair:4)
  26 water moccasins
  4 ice beasts
  13 orc warriors
  4 sky beasts
  A swamp drake (D:12)
  2 yellow wasps
  6 porcupines
  5 spiders (Lair:8)
  8 centaurs
  17 ogres
  6 black bears (Lair:8)
  4 phantoms
  2 boring beetles
  Sigmund (D:7)
  14 crocodiles
  A big kobold (D:11)
  19 giant frogs
  A water moccasin skeleton (D:9)
  A troll skeleton (D:9)
  2 hippogriff zombies
  6 scorpions
  17 killer bees
  4 crimson imps
  A hippogriff skeleton (D:10)
  16 wights
  2 giant frog zombies
  2 lava snakes (D:10)
  7 electric eels (Lair:1)
  4 goliath beetles
  12 jellies
  An elf zombie (D:11)
  A yellow wasp zombie (D:10)
  A centaur skeleton (D:8)
  Crazy Yiuf (D:4)
  25 hounds
  17 worker ants
  7 iguanas
  30 orc wizards
  A gnoll shaman (D:3)
  A quasit (D:6)
  23 orc priests
  8 sheep
  A killer bee zombie (D:9)
  A big kobold zombie (D:4)
  A hound zombie (D:6)
  2 worker ant zombies
  6 gnolls (D:3)
  104 green rats
  34 adders
  5 shadow imps
  A giant mite (D:7)
  A gnoll skeleton (D:5)
  3 worms
  17 oozes
  164 orcs
  3 ball pythons
  15 bats
  19 goblins
  26 hobgoblins
  13 jackals
  31 kobolds
  9 quokkas
  3 giant cockroaches
  7 giant geckos
  2 giant newts
  A jackal skeleton (D:5)
  2 kobold skeletons (D:4)
  An orc skeleton (D:4)
  13 rats
  A butterfly (D:4)
  10 fungi
  A plant (Lair:8)
1109 creatures vanquished.

Vanquished Creatures (others)
  An orc (Orc:4)
  A kobold (D:8)
  12 fungi
  10 plants (Lair:8)
24 creatures vanquished.

Grand Total: 1133 creatures vanquished

Notes
Turn   | Place    | Note
--------------------------------------------------------------
     0 | D:1      | Rhoefr, the Halfling Hunter, began the quest for the Orb.
     0 | D:1      | Reached XP level 1. HP: 12/12 MP: 1/1
    15 | D:1      | Reached skill level 6 in Slings
   147 | D:1      | Reached XP level 2. HP: 18/18 MP: 2/2
   395 | D:1      | Reached skill level 1 in Fighting
   599 | D:1      | Reached XP level 3. HP: 23/23 MP: 3/3
   845 | D:2      | Found a shimmering altar of Xom.
  1188 | D:2      | Reached XP level 4. HP: 28/28 MP: 4/4
  1532 | D:3      | Reached skill level 7 in Slings
  1547 | D:3      | Reached XP level 5. HP: 34/34 MP: 5/5
  1893 | D:3      | Reached XP level 6. HP: 23/41 MP: 6/6
  2523 | D:4      | Got a slimy trident
  2524 | D:4      | Identified the +6 trident of Capital Punishment {venom, +Blink +Fly Str+3} (You found it on level 4 of the Dungeon)
  2756 | D:4      | Reached skill level 8 in Slings
  2853 | D:4      | Reached skill level 1 in Short Blades
  3041 | D:4      | Found a staircase to the Ecumenical Temple.
  3045 | D:4      | Reached XP level 7. HP: 39/46 MP: 7/7
  3095 | Temple   | Entered the Ecumenical Temple
  3298 | Temple   | Became a worshipper of Warmaster Okawaru
  3427 | D:4      | Noticed Menkaure
  3438 | D:4      | Killed Menkaure
  3540 | D:4      | Reached skill level 9 in Slings
  3730 | D:4      | Reached skill level 5 in Dodging
  3763 | D:4      | Reached XP level 8. HP: 52/54 MP: 8/8
  3985 | D:4      | Noticed Crazy Yiuf
  3991 | D:4      | Killed Crazy Yiuf
  4114 | D:4      | Acquired Okawaru's first power
  4177 | D:5      | Entered Level 5 of the Dungeon
  4443 | D:5      | Reached skill level 10 in Slings
  4584 | D:5      | Noticed Edmund
  4597 | D:5      | Killed Edmund
  5124 | D:5      | Reached XP level 9. HP: 55/59 MP: 9/9
  5235 | D:6      | Reached skill level 11 in Slings
  5241 | D:6      | Found Veann's Gadget Boutique.
  5287 | D:6      | Reached skill level 5 in Short Blades
  5405 | D:6      | Reached skill level 5 in Fighting
  5813 | D:6      | Reached skill level 12 in Slings
  6097 | D:6      | Found a deep blue altar of Sif Muna.
  6502 | D:7      | Noticed Sigmund
  6514 | D:7      | Killed Sigmund
  6518 | D:7      | Found Psoem's Antique Armour Emporium.
  6568 | D:7      | Bought an encrusted scale mail for 180 gold pieces
  6579 | D:7      | Identified the +1 scale mail of Weirdness {rF++ rC+} (You bought it in a shop on level 7 of the Dungeon)
  6597 | D:7      | Noticed MDvedh's ghost (experienced MfDK)
  6618 | D:7      | Killed MDvedh's ghost
  6618 | D:7      | Reached XP level 10. HP: 55/66 MP: 10/10
  6722 | D:7      | Reached skill level 5 in Armour
  6851 | D:7      | Found a sparkling altar of Nemelex Xobeh.
  6855 | D:7      | Found a burning altar of Makhleb.
  6878 | D:7      | Received a gift from Okawaru
  7005 | D:7      | Found a glowing golden altar of the Shining One.
  7006 | D:7      | Found a shattered altar of Ashenzari.
  7458 | D:7      | Received a gift from Okawaru
  7599 | D:8      | Noticed a death yak
  7603 | D:8      | Noticed a death yak
  7810 | D:8      | Received a gift from Okawaru
  8000 | D:8      | Found a flagged portal.
  8006 | Bailey   | Entered a bailey
  8185 | Bailey   | Found an iron altar of Okawaru.
  8542 | D:8      | Found a shadowy altar of Dithmenos.
  8570 | D:8      | Noticed Prince Ribbit
  8588 | D:8      | Killed Prince Ribbit
  8793 | D:8      | Acquired Okawaru's second power
  9410 | D:9      | Reached XP level 11. HP: 72/72 MP: 11/11
  9508 | D:9      | Found a staircase to the Lair.
  9508 | D:9      | Noticed a death yak
  9509 | D:9      | Noticed an elephant
  9530 | D:9      | Killed a death yak
  9530 | D:9      | Reached skill level 10 in Armour
  9717 | D:9      | Killed an elephant
  9717 | D:9      | Received a gift from Okawaru
  9916 | D:9      | Noticed a hill giant
  9952 | D:9      | Killed a hill giant
  9952 | D:9      | Received a gift from Okawaru
 10188 | D:9      | Received a gift from Okawaru
 10977 | Lair:1   | Entered Level 1 of the Lair of Beasts
 11344 | Lair:1   | Reached skill level 13 in Slings
 11630 | Lair:1   | Reached XP level 12. HP: 51/77 MP: 12/12
 11767 | Lair:1   | Reached skill level 10 in Dodging
 12016 | Lair:1   | Received a gift from Okawaru
 12137 | Lair:1   | Found a deep blue altar of Sif Muna.
 12469 | Lair:1   | Noticed an oklob plant
 12885 | Lair:2   | Received a gift from Okawaru
 12917 | Lair:2   | Noticed Harold
 12943 | Lair:2   | Killed Harold
 13174 | Lair:2   | Received a gift from Okawaru
 13932 | Lair:3   | Got a thick robe
 13956 | Lair:2   | Identified the +0 robe "Emeonn" {Dex+1} (You found it on level 3 of the Lair of Beasts)
 14416 | Lair:3   | HP: 3/77 [komodo dragon (18)]
 14488 | Lair:3   | Reached skill level 14 in Slings
 15817 | Lair:3   | Got an encrusted scale mail
 15831 | Lair:3   | Identified the +0 scale mail of the Saviour {rElec rC+ Str+3} (You found it on level 3 of the Lair of Beasts)
 16197 | Lair:3   | Reached XP level 13. HP: 79/82 MP: 13/13
 17162 | Lair:4   | Received a gift from Okawaru
 17261 | Lair:4   | You fall through a shaft for 2 floors!
 17261 | Lair:6   | Found a staircase to the Swamp.
 17380 | Lair:6   | Found a staircase to the Slime Pits.
 17381 | Lair:6   | Found a viscous altar of Jiyva.
 17819 | Lair:6   | Reached skill level 1 in Shields
 17886 | Lair:5   | Received a gift from Okawaru
 17958 | Lair:5   | Received a gift from Okawaru
 18267 | Lair:5   | Found a frozen archway.
 18272 | IceCv    | Entered an ice cave
 18476 | IceCv    | Received a gift from Okawaru
 18500 | IceCv    | Reached skill level 5 in Shields
 18613 | IceCv    | Received a gift from Okawaru
 18691 | IceCv    | Received a gift from Okawaru
 18861 | IceCv    | Received a gift from Okawaru
 18988 | IceCv    | Received a gift from Okawaru
 19040 | IceCv    | Received a gift from Okawaru
 19145 | IceCv    | Received a gift from Okawaru
 19302 | IceCv    | Noticed a frost giant
 19647 | IceCv    | Killed a frost giant
 19647 | IceCv    | Reached skill level 10 in Shields
 19647 | IceCv    | Reached XP level 14. HP: 30/88 MP: 12/14
 20006 | IceCv    | Got a glittering silver ring
 20029 | IceCv    | Identified the ring "Doc Ydio" {Fire Str+3 Dex-1} (You found it in an ice cave)
 21232 | Lair:5   | Received a gift from Okawaru
 21441 | Lair:7   | Noticed Rupert
 21595 | Lair:7   | Received a gift from Okawaru
 21615 | Lair:7   | Got a crystal greatsling {god gift}
 21619 | Lair:7   | Identified the +2 greatsling "Plyq" {freeze, Str+1} (Okawaru gifted it to you on level 7 of the Lair of Beasts)
 21839 | Lair:7   | Reached skill level 1 in Invocations
 21993 | Lair:7   | Killed Rupert
 21993 | Lair:7   | Received a gift from Okawaru
 21997 | Lair:7   | Received a gift from Okawaru
 22059 | Lair:7   | Reached skill level 15 in Slings
 22944 | Lair:8   | Entered Level 8 of the Lair of Beasts
 22985 | Lair:8   | Received a gift from Okawaru
 23488 | Lair:8   | Reached skill level 5 in Invocations
 23683 | Lair:8   | Reached skill level 16 in Slings
 23759 | Lair:8   | Noticed Fannar
 23776 | Lair:8   | Killed Fannar
 23818 | Lair:8   | Reached XP level 15. HP: 84/92 MP: 24/24
 23956 | Lair:8   | Upgraded the game from 0.15.0-29-ga8e3430 to 0.15.0-31-geb66e34
 24042 | Lair:8   | Received a gift from Okawaru
 24043 | Lair:8   | Got an ancient helmet {god gift}
 24054 | Lair:8   | Identified the +1 helmet "Ghugh" {rC++ Slay+3} (Okawaru gifted it to you on level 8 of the Lair of Beasts)
 25291 | Lair:8   | Received a gift from Okawaru
 25573 | Lair:7   | Received a gift from Okawaru
 25608 | Lair:7   | Received a gift from Okawaru
 25797 | Lair:4   | Found a staircase to the Snake Pit.
 26039 | Lair:4   | Noticed Snorg
 26048 | Lair:4   | Killed Snorg
 26053 | Lair:4   | Received a gift from Okawaru
 26639 | D:10     | Entered Level 10 of the Dungeon
 26678 | D:10     | Noticed Psyche
 26683 | D:10     | Killed Psyche
 26814 | D:10     | Noticed Eustachio
 26819 | D:10     | Killed Eustachio
 27124 | D:10     | Found a portal to a secret trove of treasure.
 29172 | D:12     | Found a staircase to the Orcish Mines.
 29238 | D:12     | Reached skill level 15 in Dodging
 29238 | D:12     | Reached XP level 16. HP: 91/106 MP: 25/25
 30083 | Orc:1    | Entered Level 1 of the Orcish Mines
 30306 | Orc:1    | Found a roughly hewn altar of Beogh.
 30401 | Orc:1    | Noticed Gastronok
 30411 | Orc:1    | Killed Gastronok
 31546 | Orc:3    | Found a staircase to the Elven Halls.
 31547 | Orc:3    | Noticed Joseph
 31556 | Orc:3    | Killed Joseph
 31604 | Orc:3    | Noticed Nessos
 31614 | Orc:3    | Killed Nessos
 32038 | Orc:4    | Entered Level 4 of the Orcish Mines
 32038 | Orc:4    | Found a roughly hewn altar of Beogh.
 32328 | Orc:4    | Noticed Johnny's ghost (great DgFE)
 32341 | Orc:4    | Killed from afar by Johnny's ghost

Action                   |  1- 3 |  4- 6 |  7- 9 | 10-12 | 13-15 | 16-18 || total
-------------------------+-------+-------+-------+-------+-------+-------++-------
Melee: Short sword       |    21 |    15 |       |       |       |       ||    36
       Cutlass           |       |       |    46 |   462 |       |       ||   508
       Dagger            |       |       |       |       |   529 |   123 ||   652
 Fire: Hunting sling     |    88 |   161 |   366 |   925 |   706 |       ||  2246
       Greatsling        |       |       |       |       |  1259 |   360 ||  1619
Invok: Heroism           |       |       |     2 |    14 |    24 |     3 ||    43
       Finesse           |       |       |       |       |     5 |     1 ||     6
 Abil: Evoke Flight      |       |       |       |     4 |       |       ||     4
Evoke: Wand              |       |       |     5 |       |    12 |       ||    17
  Use: Scroll            |     4 |     6 |     4 |    12 |    12 |     5 ||    43
       Potion            |       |     1 |       |     5 |     5 |       ||    11
 Stab: Sleeping          |       |       |     1 |       |       |       ||     1
  Eat: Chunk             |       |     6 |    11 |    15 |    11 |     1 ||    44
       Beef jerky        |       |       |       |     4 |     5 |       ||     9
       Royal jelly       |       |       |       |     1 |       |       ||     1
       Fruit             |       |       |       |     6 |    15 |       ||    21
       Pizza             |       |       |       |     3 |    10 |     1 ||    14
